 Dungeon Crawl Stone Soup version 0.30.1-4-g462c640d31 (webtiles) character file.

Game seed: 12529944093595884827

81 safid the Trooper (level 4, -12/36 HPs)
             Began as a Djinni Fighter on Aug 17, 2023.
             Mangled by an ogre
             ... wielding a +0 giant club
              (18 damage)
             ... on level 2 of the Dungeon.
             The game lasted 00:01:22 (1059 turns).

safid the Trooper (Djinni Fighter)                  Turns: 1059, Time: 00:01:22

Health: -12/36     AC:  6    Str: 17    XL:     4   Next: 68%
Gold:   134        EV:  9    Int: 10    God:
                   SH:  4    Dex: 12

rFire   + + .        a - +0 trident
rCold   x . .        c - +0 buckler
rNeg    . . .        b - +0 scale mail
rPois   ∞            (no helmet)
rElec   .            (no cloak)
rCorr   .            (no gloves)
SInv    .            (boots unavailable)
Will    .....        (no amulet) Stlth
                     (no ring)
HPRegen 0.26/turn    (no ring)
MPRegen 0.00/turn

%: infuse magic (-13 HP)
@: flying
A: sickness immunity, fire resistance 2, cold vulnerability 1, float, innate
caster, HP casting, extra vitality 1
a: no special abilities


You were on level 2 of the Dungeon.
You visited 1 branch of the dungeon, and saw 2 of its levels.

You collected 134 gold pieces.

Inventory:

Hand Weapons
 a - a +0 trident (weapon)
Armour
 b - a +0 scale mail (worn)
 c - a +0 buckler (worn)
Jewellery
 i - a +6 ring of dexterity
 p - the ring "Rimuj" {rPois rF+ Str+4}
   (You found it on level 2 of the Dungeon)

   [ring of poison resistance]

   Str:       It affects your strength (+4).
   rF:        It protects you from fire.
   rPois:     It protects you from poison.
Scrolls
 e - a scroll of amnesia {unknown}
 h - a scroll of brand weapon {unknown}
 j - a scroll of enchant armour {unknown}
 k - a scroll of enchant weapon {unknown}
 l - 3 scrolls of identify {unknown}
 n - a scroll of teleportation {unknown}
Potions
 d - 2 potions of might
 f - a potion of curing {unknown}
 g - a potion of brilliance {unknown}
 m - a potion of attraction {unknown}
 o - a potion of heal wounds {unknown}


   Skills:
 + Level 3.6 Fighting
 + Level 2.2 Polearms
 + Level 3.6 Armour
 + Level 3.6 Shields


You knew the following spells:

 Your Spells              Type           Power      Damage    Failure   Level
a - Summon Small Mammal   Summ           0%         N/A       85%         1
Your spell library was empty.

Dungeon Overview and Level Annotations

Branches:
Dungeon (2/15)

Altars:

Shops:
D:1 ((:**


Innate Abilities, Weirdness & Mutations

You are immune to sickness and miasma.
You are immune to poison.
Your flesh is very heat resistant. (rF++)
You are vulnerable to cold. (rC-)
You float through the air rather than walking.
You learn spells naturally, not from books.
Your magical power is your life essence.
You have superior vitality. (+4 MHP)


Message History

You kill the adder!
The hobgoblin hits you.
You hit the ogre.
The ogre is lightly wounded.
The hobgoblin closely misses you.
The ogre hits you with a +0 giant club!!
Ouch! That really hurt!
* * * LOW HITPOINT WARNING * * *
You are too injured to fight recklessly!
You are too injured to fight recklessly!
You are too injured to fight recklessly!
You are too injured to fight recklessly!
You are too injured to fight recklessly!
You are too injured to fight recklessly!
You are too injured to fight recklessly!
You are too injured to fight recklessly!
You are too injured to fight recklessly!
You are too injured to fight recklessly!
You are too injured to fight recklessly!
You are too injured to fight recklessly!
You are too injured to fight recklessly!
You are too injured to fight recklessly!
You are too injured to fight recklessly!
You are too injured to fight recklessly!
You are too injured to fight recklessly!
You are too injured to fight recklessly!
You are too injured to fight recklessly!
You are too injured to fight recklessly!
Unknown command.
You are too injured to fight recklessly!
Unknown command.
Unknown command.
You closely miss the hobgoblin. The hobgoblin barely misses you.
The ogre barely misses you.
Unknown command.
You puncture the hobgoblin!
You kill the hobgoblin!
The ogre hits you with a +0 giant club!!
Ouch! That really hurt!
You die...

#..## #.#..###...#######
#.#
#...###......†.........#
#.#
#......>.####.........[#
#.# #..####.##
#..........# #.# #..# #.#
#..........# #.# #### #.#
#..........# #.# #.#
############ #.#
.....########### #(#
.......†@......########.#
.......O................#
..............##########
...?########### ... .. #


You could see an ogre.

Vanquished Creatures
  4 adders (D:2)
  A worm (D:2)
  5 bats
  4 endoplasms
  A giant cockroach (D:1)
  4 goblins
  3 hobgoblins
  2 jackals (D:1)
  5 quokkas
  5 ball pythons
  2 frilled lizards (D:1)
  3 kobolds (D:2)
  4 rats
43 creatures vanquished.

Notes
Turn   | Place    | Note
-------+----------+-------------------------------------------
     0 | D:1      | safid the Djinni Fighter began the quest for the Orb.
     0 | D:1      | Reached XP level 1. HP: 20/20 MP: 0/0
   107 | D:1      | Reached XP level 2. HP: 25/25 MP: 0/0
   249 | D:1      | Found Vemocs's Assorted Antiques.
   259 | D:1      | Found Ycaxiske's General Store.
   330 | D:1      | Found Lanailabb's Book Shoppe.
   408 | D:1      | Reached XP level 3. HP: 29/30 MP: 0/0
   408 | D:1      | Learned a level 1 spell: Summon Small Mammal
   439 | D:1      | Found Lubboch's Weapon Boutique.
   473 | D:1      | Found Utoam's Antique Weapon Shoppe.
   649 | D:2      | Reached XP level 4. HP: 35/35 MP: 0/0
   790 | D:2      | Identified the ring "Rimuj" {rPois rF+ Str+4}
  1049 | D:2      | Noticed an ogre
  1059 | D:2      | Mangled by an ogre

Illustrated notes

Levels and vault maps discovered:
D:1:      minmay_arrival_solitary_statue, layout_basic, serial_shops,
          nicolae_shop_crystal, shop, shop, shop, shop, serial_park_tiny_2
D:2:      layout_basic, chequers_serial_rivers_micro_b, uniq_crazy_yiuf_cottage

Skill      XL: |  1  2  3 |
---------------+----------+-----
Polearms       | 2 |  2.2
Fighting       | |  3.6
Armour         | |  3.6
Shields        | |  3.6

Action                     |  1- 3 |  4- 6 || total
---------------------------+-------+-------++-------
  Melee: Trident           |    81 |    56 ||   137
 Armour: Scale mail        |    27 |    25 ||    52
  Dodge: Dodged            |    40 |    19 ||    59
  Block: Buckler           |     9 |     7 ||    16
